 Dungeon Crawl Stone Soup version 0.21-a0-476-gd103f4b (webtiles) character file.

47634 Gildeon the Severer (level 14, -5/181 HPs)
             Began as a Minotaur Fighter on Nov 21, 2017.
             Was a High Priest of Vehumet.
             Slain by a death yak (15 damage)
             ... on level 5 of the Lair of Beasts on Nov 22, 2017.
             The game lasted 01:48:54 (21777 turns).

Gildeon the Severer (Minotaur Fighter)             Turns: 21777, Time: 01:48:55

Health: -5/181     AC: 22    Str: 30    XL:     14   Next: 9%
Magic:  29/29      EV: 13    Int:  8    God:    Vehumet [*****.]
Gold:   1274       SH:  0    Dex: 12    Spells: 19/23 levels left

rFire    . . .     SeeInvis .   L - +5 battleaxe (freeze)
rCold    . . .     Gourm    +   (shield currently unavailable)
rNeg     . . .     Faith    .   r - +5 plate armour
rPois    .         Spirit   .   K - +0 hat
rElec    .         Reflect  .   o - +0 cloak
rCorr    .         Harm     .   I - +0 pair of gloves
MR       ++...                  (no boots)
Stlth    ..........             p - amulet "Beli" {Gourm +Fly MR+ Str+4}
HPRegen  0.40/turn              a - ring "Dorice" {+Fly MP+9}
MPRegen  0.21/turn              D - ring of wizardry

@: berserking, very quick
A: retaliatory headbutt, horns 2
a: Renounce Religion, Evoke Flight


You were on level 5 of the Lair of Beasts.
You worshipped Vehumet.
Vehumet was extremely pleased with you.
You were completely stuffed.

You visited 2 branches of the dungeon, and saw 17 of its levels.
You also visited: Ice Cave.

You collected 1274 gold pieces.

Inventory:

Hand Weapons
 s - a +1 flail of protection
 L - a +5 battleaxe of freezing (weapon)
Armour
 o - a +0 cloak (worn)
 r - a +5 plate armour (worn)
 I - a +0 pair of gloves (worn)
 K - a +0 hat (worn)
Jewellery
 a - the ring "Dorice" (left hand) {+Fly MP+9}
   (You found it on level 4 of the Lair of Beasts)

   [ring of flight]

   It affects your magic capacity (+9).
   It lets you fly.
 c - an uncursed ring of resist corrosion
 k - an uncursed ring of ice
 p - the amulet "Beli" (around neck) {Gourm +Fly MR+ Str+4}
   (You found it on level 11 of the Dungeon)

   [amulet of the gourmand]

   It allows you to eat raw meat even when not hungry.
   It affects your strength (+4).
   It affects your resistance to hostile enchantments.
   It lets you fly.
 D - a ring of wizardry (right hand)
 N - an uncursed ring of protection from fire
Wands
 q - a wand of flame (10)
 t - a wand of enslavement (15)
 O - a wand of paralysis (22)
Scrolls
 b - 5 scrolls of blinking
 d - 11 scrolls of remove curse
 e - a scroll of magic mapping
 i - 3 scrolls of teleportation
 G - 2 scrolls of amnesia
 J - a scroll of fog
 Q - 2 scrolls of identify
Potions
 h - 3 potions of flight
 n - 5 potions of brilliance
 u - 2 potions of magic
 z - 2 potions of agility
 E - 2 potions of lignification
 H - 3 potions of might
 M - 7 potions of curing
 P - a potion of ambrosia
 R - 2 potions of haste
Books
 j - a book of Misfortune

   Spells                             Type                      Level
   a - Confusing Touch                Hexes                        1
   b - Confuse                        Hexes                        3
   c - Gell's Gravitas                Translocation                3
   d - Petrify                        Transmutation/Earth          4
   e - Metabolic Englaciation         Hexes/Ice                    5
   f - Yara's Violent Unravelling     Hexes/Transmutation          5
 v - a book of Changes

   Spells                             Type                      Level
   a - Beastly Appendage              Transmutation                1
   b - Sticks to Snakes               Transmutation                2
   c - Spider Form                    Transmutation/Poison         3
   d - Ice Form                       Ice/Transmutation            4
   e - Blade Hands                    Transmutation                5
 x - a book of Battle

   Spells                             Type                      Level
   a - Infusion                       Charms                       1
   b - Shroud of Golubria             Charms/Translocation         2
   c - Song of Slaying                Charms                       2
   d - Spectral Weapon                Hexes/Charms                 3
   e - Regeneration                   Charms/Necromancy            3
 y - the Incunabulum of Helpful Arcane Weapons
   (You found it on level 9 of the Dungeon)

   Spells                             Type                      Level
   a - Conjure Flame                  Conjuration/Fire             3
   b - Iskenderun's Battlesphere      Conjuration/Charms           5
   c - Fireball                       Conjuration/Fire             5
   d - Orb of Destruction             Conjuration                  7
 A - a book of Geomancy

   Spells                             Type                      Level
   a - Sandblast                      Earth                        1
   b - Passwall                       Transmutation/Earth          2
   c - Stone Arrow                    Conjuration/Earth            3
   d - Petrify                        Transmutation/Earth          4
   e - Lee's Rapid Deconstruction     Earth                        5
 C - a book of Misfortune

   Spells                             Type                      Level
   a - Confusing Touch                Hexes                        1
   b - Confuse                        Hexes                        3
   c - Gell's Gravitas                Translocation                3
   d - Petrify                        Transmutation/Earth          4
   e - Metabolic Englaciation         Hexes/Ice                    5
   f - Yara's Violent Unravelling     Hexes/Transmutation          5
 F - a book of Cantrips

   Spells                             Type                      Level
   a - Confusing Touch                Hexes                        1
   b - Animate Skeleton               Necromancy                   1
   c - Summon Small Mammal            Summoning                    1
   d - Apportation                    Translocation                1
Comestibles
 f - 10 bread rations
 g - 7 chunks of flesh
 l - 11 meat rations
 m - 7 royal jellies
 w - 20 fruits


   Skills:
 - Level 10.0 Fighting
 - Level 16.6 Axes
 - Level 10.4 Armour
 - Level 10.0 Dodging
   Level 3.6 Shields
 - Level 5.0 Spellcasting
 - Level 5.0 Conjurations
 - Level 5.0 Earth Magic
 + Level 7.2 Evocations


You had 19 spell levels left.
You knew the following spells:

 Your Spells              Type           Power        Failure   Level  Hunger
a - Sandblast             Erth           ##....       3%          1    #......
b - Stone Arrow           Conj/Erth      ##....       8%          3    ###....


Dungeon Overview and Level Annotations

Branches:
Dungeon (11/15)            Temple (0/1) D:4            Lair (6/6) D:11
  Swamp (0/4) Lair:4        Snake (0/4) Lair:2
  Slime: Lair:5-6       Orc: D:9-12

Altars:
Nemelex Xobeh
Qazlal
Sif Muna
Trog
Uskayaw
Vehumet
Zin
The Shining One

Shops:
D:7 %

Annotations:
D:8 Prince Ribbit


Innate Abilities, Weirdness & Mutations

You reflexively headbutt those who attack you in melee.
You have a pair of horns on your head.


Message History

You feel yourself moving faster!
You feel mighty!
The death yak gores you but does no damage. x3
Your magical contamination has completely faded away.
You slice the death yak like a ripe choko!!!
You freeze the death yak!
The death yak is severely wounded.
You slash the death yak! You freeze the death yak!
You cut the death yak into ribbons!!! You freeze the death yak!
The death yak gores you but does no damage.
The death yak completely misses you. The death yak gores you!
* * * LOW HITPOINT WARNING * * *
You are too berserk!
Unknown command.
You are too berserk!
You slash the death yak! You freeze the death yak.
Your headbutt misses the death yak.
The death yak is almost dead.
You slice the death yak!! You freeze the death yak! You hit the death yak.
You freeze the death yak. The death yak gores you!
You die...

##.........[#.#...#.#.(.....+...<
#.......8...+...8...+...8........
P...+.........#...#.#............
...P#.#.##..#.#...#.#.###.#...#..
..P###.....###.....###.....##...#
..PP.#######.###'#####.#####.....
......#.......#...##.#..#.##..P..
.............#.Y...#.....######..
..............8.@.8##.....#####..
.###.#P..###.#.YY....#....##P###.
.# ##.....##.##.8.##.#...........
## ##...#.....##..............##
.## #.........................#[
#.####..#.......##...P..#.#.....#
.#...P......##.#.#.>......#......
...........###..##.......##...###
........#.###...P..P..#.P###..# #


You could see 3 death yaks.

Vanquished Creatures
  A frost giant (IceCv)
  4 hydras
  Erica (Lair:2)
  8 death yaks
  2 two-headed ogres
  An ugly thing (D:9)
  3 oklob plants (Lair:4)
  A cyclops (D:11)
  6 elephants (Lair:2)
  An ice statue (IceCv)
  4 black mambas
  Psyche (D:10)
  A centaur skeleton (D:10)
  7 spiny frogs
  3 komodo dragons
  A rime drake (Lair:3)
  19 polar bears
  2 trolls
  7 hippogriffs
  Grinder (D:3)
  A slime creature (Lair:2)
  3 spriggans
  2 wraiths (D:11)
  2 wyverns
  50 yaks
  6 basilisks
  A warg (Lair:1)
  3 hungry ghosts
  The ghost of Yermak the Vandal, an amateur HaAM (D:4)
  Edmund (D:4)
  6 water moccasins
  7 porcupines
  3 sky beasts
  4 ice beasts
  An orc warrior (D:11)
  4 black bears
  2 necrophages (D:10)
  6 ogres
  3 phantoms
  27 wolves
  11 crocodiles
  9 centaurs
  17 bullfrogs
  The ghost of sagitran the Sneak, an amateur SpEn (D:3)
  A water moccasin skeleton (D:10)
  3 scorpions
  17 killer bees
  6 wights
  2 electric eels (Lair:5)
  A howler monkey (D:8)
  7 crimson imps
  2 centaur zombies
  2 quasits
  4 bullfrog zombies
  5 hounds
  9 jellies
  Crazy Yiuf (D:2)
  5 orc priests
  11 orc wizards
  A bullfrog skeleton (D:2)
  2 iguanas
  A hell rat (D:11)
  11 worker ants
  A killer bee zombie (D:9)
  A hound zombie (D:10)
  A hound skeleton (D:5)
  2 worker ant zombies (D:5)
  A howler monkey zombie (D:5)
  8 gnolls
  15 adders
  A river rat (D:11)
  3 shadow imps
  19 oozes
  An adder zombie (D:9)
  A worm (D:5)
  2 dart slugs
  6 leopard geckos
  45 orcs
  6 bats
  9 giant cockroaches
  6 goblins
  9 hobgoblins
  12 jackals
  10 kobolds
  7 quokkas
  A ball python (D:3)
  5 frilled lizards
  A giant cockroach zombie (D:6)
  A leopard gecko skeleton (D:4)
  10 rats
  A butterfly (Lair:1)
  6 fungi
  4 plants
531 creatures vanquished.

Vanquished Creatures (others)
  9 fungi
  10 plants
19 creatures vanquished.

Grand Total: 550 creatures vanquished

Notes
Turn   | Place    | Note
-------+----------+-------------------------------------------
     0 | D:1      | Gildeon the Minotaur Fighter began the quest for the Orb.
     0 | D:1      | Reached XP level 1. HP: 19/19 MP: 0/0
    63 | D:1      | Reached skill level 3 in Axes
   147 | D:1      | Reached XP level 2. HP: 22/26 MP: 1/1
   304 | D:1      | Reached skill level 4 in Axes
   326 | D:1      | Reached XP level 3. HP: 29/31 MP: 2/2
   546 | D:2      | Reached skill level 5 in Axes
   686 | D:2      | Reached XP level 4. HP: 37/39 MP: 3/3
   771 | D:2      | Reached skill level 6 in Axes
   968 | D:2      | Found a runed door.
   972 | D:2      | Noticed Crazy Yiuf
   981 | D:2      | Killed Crazy Yiuf
   981 | D:2      | Reached XP level 5. HP: 36/45 MP: 4/4
  1329 | D:3      | Noticed a centaur
  1330 | D:3      | Noticed an ogre
  1340 | D:3      | Killed an ogre
  1340 | D:3      | Reached skill level 7 in Axes
  1342 | D:3      | Killed a centaur
  1342 | D:3      | Reached XP level 6. HP: 32/51 MP: 5/5
  1462 | D:3      | Reached skill level 8 in Axes
  2055 | D:3      | Noticed Grinder
  2059 | D:3      | Paralysed by Grinder for 2 turns
  2070 | D:3      | Killed Grinder
  2070 | D:3      | Reached skill level 9 in Axes
  2070 | D:3      | Reached XP level 7. HP: 16/57 MP: 6/6
  2288 | D:3      | Found a bloodstained altar of Trog.
  2289 | D:3      | Found a radiant altar of Vehumet.
  2294 | D:3      | Became a worshipper of Vehumet
  2342 | D:3      | Reached skill level 10 in Axes
  2392 | D:3      | You fall through a shaft!
  2489 | D:4      | Noticed Yermak's ghost (amateur HaAM)
  2521 | D:4      | Killed Yermak's ghost
  2609 | D:4      | Noticed a hippogriff
  2620 | D:4      | Killed a hippogriff
  2620 | D:4      | Reached skill level 11 in Axes
  2620 | D:4      | Reached XP level 8. HP: 10/64 MP: 7/7
  2960 | D:3      | Noticed sagitran's ghost (amateur SpEn)
  2975 | D:3      | Killed sagitran's ghost
  3102 | D:3      | Found a faded altar of an unknown god.
  3239 | D:3      | Found a glowing silver altar of Zin.
  3292 | D:4      | Noticed Edmund
  3299 | D:4      | Killed Edmund
  3318 | D:4      | Reached * piety under Vehumet
  3318 | D:4      | Offered knowledge of Freeze by Vehumet.
  3328 | D:4      | Reached skill level 12 in Axes
  3488 | D:4      | Found a staircase to the Ecumenical Temple.
  3645 | D:5      | Entered Level 5 of the Dungeon
  4042 | D:5      | Reached skill level 13 in Axes
  4112 | D:5      | Found a hide-covered altar of Uskayaw.
  4640 | D:6      | Reached XP level 9. HP: 53/70 MP: 8/8
  4641 | D:6      | Reached ** piety under Vehumet
  4734 | D:6      | Offered knowledge of Throw Frost by Vehumet.
  4795 | D:6      | Reached skill level 14 in Axes
  5348 | D:6      | Found a deep blue altar of Sif Muna.
  5627 | D:7      | Reached skill level 15 in Axes
  6032 | D:7      | Offered knowledge of Throw Flame by Vehumet.
  6299 | D:7      | Found Erikhlenk's Food Boutique.
  6395 | D:7      | Reached skill level 16 in Axes
  6525 | D:8      | Reached XP level 10. HP: 32/80 MP: 9/9
  6848 | D:8      | Reached skill level 5 in Fighting
  7023 | D:8      | Reached *** piety under Vehumet
  7033 | D:8      | Noticed Prince Ribbit
  7851 | D:9      | Offered knowledge of Fulminant Prism by Vehumet.
  8280 | D:9      | Noticed a red ugly thing
  8292 | D:9      | Killed a red ugly thing
  8548 | D:9      | Found a glowing golden altar of the Shining One.
  8588 | D:9      | Noticed a two-headed ogre
  8591 | D:9      | Killed a two-headed ogre
  8639 | D:9      | Identified the Incunabulum of Helpful Arcane Weapons
  8644 | D:9      | Found a sparkling altar of Nemelex Xobeh.
  8644 | D:9      | Found a stormy altar of Qazlal.
  8894 | D:9      | Reached skill level 10 in Fighting
  9339 | D:10     | Entered Level 10 of the Dungeon
  9347 | D:10     | Reached XP level 11. HP: 89/99 MP: 10/10
  9355 | D:9      | Reached skill level 5 in Armour
  9520 | D:10     | Reached **** piety under Vehumet
  9736 | D:10     | Offered knowledge of Sticky Flame by Vehumet.
  9980 | D:10     | Noticed Psyche
  9984 | D:10     | Killed Psyche
 11129 | D:11     | Reached ***** piety under Vehumet
 11129 | D:11     | Offered knowledge of Conjure Ball Lightning by Vehumet.
 11129 | D:11     | Reached skill level 10 in Armour
 11189 | D:11     | Got a slimy diamond amulet
 11191 | D:11     | Identified the amulet "Beli" {Gourm +Fly MR+ Str+4} (You found it on level 11 of the Dungeon)
 11274 | D:11     | Reached skill level 1 in Dodging
 11348 | D:11     | Noticed a death yak
 11358 | D:11     | Noticed a death yak
 11371 | D:11     | Killed a death yak
 11373 | D:11     | Noticed a death yak
 11384 | D:11     | Killed a death yak
 11384 | D:11     | Reached skill level 5 in Dodging
 11758 | D:11     | Found a staircase to the Lair.
 11779 | D:11     | Killed a death yak
 11793 | D:11     | Reached XP level 12. HP: 61/105 MP: 11/11
 12226 | D:11     | Noticed a two-headed ogre
 12234 | D:11     | Killed a two-headed ogre
 12644 | Lair:1   | Entered Level 1 of the Lair of Beasts
 12768 | Lair:1   | Found a labyrinth entrance.
 13164 | Lair:1   | Identified a scroll of acquirement
 13304 | Lair:1   | Noticed a seven-headed hydra
 13996 | Lair:1   | Killed a 12-headed hydra
 14192 | Lair:2   | Found a frozen archway.
 14199 | Lair:2   | Reached skill level 10 in Dodging
 14210 | Lair:2   | Reached skill level 1 in Evocations
 14295 | IceCv    | Entered an ice cave
 15307 | IceCv    | Reached skill level 5 in Evocations
 15550 | IceCv    | Reached skill level 1 in Spellcasting
 15825 | IceCv    | Noticed a frost giant
 15849 | IceCv    | Killed a frost giant
 15849 | IceCv    | Offered knowledge of Yara's Violent Unravelling by Vehumet.
 15859 | IceCv    | Reached XP level 13. HP: 35/113 MP: 16/16
 16180 | IceCv    | Learned a level 1 spell: Sandblast
 16805 | Lair:2   | Found a staircase to the Snake Pit.
 16847 | Lair:2   | Noticed Erica
 16856 | Lair:2   | Killed Erica
 17197 | Lair:2   | Reached skill level 5 in Spellcasting
 17209 | Lair:2   | Reached skill level 1 in Earth Magic
 17685 | Lair:3   | Upgraded the game from 0.21-a0-471-gd587bd5 to 0.21-a0-476-gd103f4b
 18343 | Lair:3   | Reached skill level 5 in Earth Magic
 18396 | Lair:3   | Learned a level 3 spell: Stone Arrow
 18917 | Lair:3   | Reached skill level 1 in Conjurations
 19598 | Lair:4   | Found a staircase to the Swamp.
 19641 | Lair:4   | Got a smoking glass ring
 19830 | Lair:4   | Identified the ring "Dorice" {+Fly MP+9} (You found it on level 4 of the Lair of Beasts)
 20562 | Lair:5   | Reached skill level 5 in Conjurations
 20669 | Lair:5   | Reached XP level 14. HP: 95/121 MP: 20/20
 21589 | Lair:6   | Entered Level 6 of the Lair of Beasts
 21668 | Lair:6   | Offered knowledge of Spellforged Servitor by Vehumet.
 21777 | Lair:5   | Slain by a death yak

Vault maps used:
D:1:      minmay_arrival_diagonal_passages, serial_glass, glass_columns_a,
          glass_columns_b, due_unseen_surprise, minmay_strange_pillars,
          minmay_strange_pillars, feat_on_display, st_stairs_13, feat_on_display
D:2:      kennysheep_boxes, uniq_crazy_yiuf_cottage
D:3:      zin_scriptorium, gammafunk_temple_overflow_statue,
          chequers_ecumenical_altar_island, kennysheep_generic_room_16,
          uniq_grinder
D:4:      minmay_temple_entry_fiery, uniq_edmund
D:5:      old_standard_altar, first_bread, minmay_misc_feat_room
D:6:      nicolae_overflow_hidden_temple, kennysheep_little_box
D:7:      serial_shops, kennysheep_mini_moat
D:8:      minmay_klotski, uniq_prince_ribbit1
D:9:      nicolae_tso_carved_into_rock, gammafunk_temple_overflow_elements
D:10:     eino_jars, uniq_psyche
D:11:     dpeg_lair_monsters, the_bakery
Lair:1:   beast_lair_carwin_large_4, serial_forest,
          infiniplex_forest_lined_4_way, infiniplex_forest_straight_2,
          infiniplex_forest_clump_long, infiniplex_forest_straight_3,
          infiniplex_forest_side_room, infiniplex_forest_straight_3,
          lab_entry_generic, st_stairs_8, grunt_forest_small_clearings,
          lemuel_fruit_fields, infiniplex_staircase_pool_2
Lair:2:   lemuel_slime, guppyfry_snake_entry_island,
          portal_ice_cave_entry_pillars_1, uniq_erica
Lair:3:   forest_entry_grove, serial_bayou_shore_a
Lair:4:   swamp_mist, kennysheep_basilisk_garden, grunt_megastairs_4,
          minmay_lair_oklob_chamber, serial_bayou_shore_b
Lair:5:   serial_bayou_lagoon_a, beast_lair_carwin_3, grunt_megastairs_1,
          serial_bayou_shore_b
Lair:6:   minmay_lair_end_enchanted_forest, slime_altar_2
IceCv:    ice_cave_small_giant

Skill      XL: |  1  2  3  4  5  6  7  8  9 10 11 12 13 14 |
---------------+-------------------------------------------+-----
Axes           | 3 4 5 6 7 9 11 13 16 | 16.6
Fighting       | 4 10 | 10.0
Armour         | 4 10 | 10.4
Dodging        | 6 10 | 10.0
Evocations     | 6 7 |  7.2
Spellcasting   | 2 5 |  5.0
Earth Magic    | 5 |  5.0
Conjurations   | 5 |  5.0
Shields        | |  3.6

Action                   |  1- 3 |  4- 6 |  7- 9 | 10-12 | 13-15 || total
-------------------------+-------+-------+-------+-------+-------++-------
Melee: War axe           |    69 |   112 |   400 |    74 |       ||   655
       Headbutt          |    11 |    24 |    66 |   144 |    70 ||   315
       Battleaxe         |       |       |       |   588 |   282 ||   870
       Flail             |       |       |       |    16 |    24 ||    40
Throw: Tomahawk          |       |     8 |    16 |    13 |       ||    37
Evoke: Wand              |       |       |     6 |    39 |    42 ||    87
  Use: Scroll            |     4 |     4 |    11 |    16 |    10 ||    45
       Potion            |       |     2 |     1 |     8 |     3 ||    14
 Stab: Distracted        |       |     1 |       |       |       ||     1
       Invisible         |       |       |       |     1 |       ||     1
       Paralysed         |       |       |       |       |     1 ||     1
  Eat: Chunk             |       |     4 |    41 |    39 |    19 ||   103
       Bread ration      |       |       |     1 |       |       ||     1
Armor: Scale mail        |    46 |    11 |       |       |       ||    57
       Plate armour      |       |    21 |   177 |   492 |   181 ||   871
       Chain mail        |       |    11 |       |       |       ||    11
Dodge: Dodged            |    27 |    15 |    44 |   307 |   191 ||   584
Block: Shield            |    50 |    54 |   167 |    42 |       ||   313

Table legend:
 A = Spawn XP
 B = Non-spawn XP
 C = Spawn XP percentage of total XP
 D = Spawn monster count
 E = Non-spawn monster count
 F = Spawn count percentage of total count
 G = Total turns spent on level
                    A         B        C        D         E        F      G
               +---------+---------+-------+---------+---------+-------+---------
         Total |       0 |   68049 |   0.0 |       0 |     520 |   0.0 | 21777
               +---------+---------+-------+---------+---------+-------+---------
           D:1 |       0 |      46 |   0.0 |       0 |      22 |   0.0 |   529
           D:2 |       0 |     168 |   0.0 |       0 |      30 |   0.0 |   786
           D:3 |       0 |     916 |   0.0 |       0 |      45 |   0.0 |  1712
           D:4 |       0 |     867 |   0.0 |       0 |      27 |   0.0 |   618
           D:5 |       0 |     752 |   0.0 |       0 |      25 |   0.0 |   948
           D:6 |       0 |     821 |   0.0 |       0 |      12 |   0.0 |   809
           D:7 |       0 |    1722 |   0.0 |       0 |      30 |   0.0 |  1091
           D:8 |       0 |    1171 |   0.0 |       0 |      18 |   0.0 |  1164
           D:9 |       0 |    4678 |   0.0 |       0 |      41 |   0.0 |  1812
          D:10 |       0 |    3512 |   0.0 |       0 |      35 |   0.0 |  1230
          D:11 |       0 |    8684 |   0.0 |       0 |      50 |   0.0 |  2199
        Lair:1 |       0 |    4118 |   0.0 |       0 |      25 |   0.0 |  1291
        Lair:2 |       0 |    7980 |   0.0 |       0 |      47 |   0.0 |  1437
        Lair:3 |       0 |    8194 |   0.0 |       0 |      28 |   0.0 |  1206
        Lair:4 |       0 |    6909 |   0.0 |       0 |      25 |   0.0 |  1309
        Lair:5 |       0 |    6016 |   0.0 |       0 |      18 |   0.0 |  1259
        Lair:6 |       0 |    1448 |   0.0 |       0 |       6 |   0.0 |   185
         IceCv |       0 |   10047 |   0.0 |       0 |      36 |   0.0 |  2192
               +---------+---------+-------+---------+---------+-------+---------
